 Dungeon Crawl Stone Soup version 0.16-a0-1858-gba9b1e2 (webtiles) character file.

32 grisnicke the Caller (level 3, -2/26 HPs)
             Began as a Draconian Summoner on Nov 4, 2014.
             Slain by Ijyb
             ... wielding a +6 club
              (8 damage)
             ... on level 2 of the Dungeon.
             The game lasted 00:07:21 (1364 turns).

grisnicke the Caller (Draconian Summoner)           Turns: 1364, Time: 00:07:21

Health: -2/26      AC:  5    Str: 10    XL:     3   Next: 8%
Magic:  5/6        EV: 12    Int: 16    God:
Gold:   40         SH:  0    Dex: 11    Spells: 2 memorised, 2 levels left

rFire  . . .     SeeInvis .     a - +1 spear (flame)
rCold  + . .     Clarity  .     (armour unavailable)
rNeg   . . .     SustAb   .     (no shield)
rPois  .         Gourm    .     (helmet restricted)
rElec  .         Spirit   .     (no cloak)
rCorr  .         Warding  .     (no gloves)
rMut   .         Stasis   .     (no boots)
MR     .....                    (no amulet)
Stlth  ++........               (no ring)
                                k - ring of protection from cold

@: not resistant to hostile enchantments, unstealthy
A: unfitting armour, cold-blooded, AC +5
a: no special abilities


You were on level 2 of the Dungeon.
You were hungry.

You visited 1 branch of the dungeon, and saw 2 of its levels.

You collected 40 gold pieces.

Inventory:

Hand weapons
 a - a +1 spear of flaming (weapon)
 b - a +0 hunting sling
Missiles
 d - 60 stones (quivered)
 j - 31 sling bullets
Jewellery
 k - a ring of protection from cold (left hand)
Scrolls
 e - 2 scrolls of identify {unknown}
Potions
 f - a potion of confusion {unknown}
 i - a potion of invisibility {unknown}
 l - 3 potions of flight {unknown}
 m - 3 potions of brilliance {unknown}
Books
 g - a book of Callings

   Spells                             Type                      Level
   *Summon Small Mammal               Summoning                    1
   Call Imp                           Summoning                    2
   *Call Canine Familiar              Summoning                    3
   Summon Guardian Golem              Hexes/Summoning              4
   Summon Lightning Spire             Summoning/Air                4
   Summon Ice Beast                   Ice/Summoning                4
Comestibles
 c - 2 bread rations
 h - a meat ration
 n - 3 fruits
 o - 2 chunks of flesh
 p - a slice of pizza


   Skills:
 - Level 2.0 Dodging
 - Level 2.0 Stealth
 - Level 2.0 Spellcasting
 + Level 4.8 Summonings


You had 2 spell levels left.
You knew the following spells:

 Your Spells              Type           Power        Failure   Level  Hunger
a - Summon Small Mammal   Summ           ###.         3%          1    #......
b - Call Canine Familiar  Summ           ###.....     12%         3    ###....


Dungeon Overview and Level Annotations

Branches:
Dungeon (2/15)

Altars:

Annotations:
D:2 Ijyb


Innate Abilities, Weirdness & Mutations

Your plain brown scales are hard (AC +5).
Your body does not fit into most forms of armour.
Your cold-blooded metabolism reacts poorly to cold.


Message History

Ijyb hits you but does no damage.
Casting: Summon Small Mammal
Confirm with . or Enter, or press ? or * to list all spells.
Ijyb hits you with a runed club! The giant newt misses you.
You hit Ijyb. You burn Ijyb.
Your tail-slap misses Ijyb.
Ijyb is moderately wounded.
Ijyb screams, "Level is mine!
All mine!"
Ijyb hits you with a runed club. The giant newt bites you.
* * * LOW HITPOINT WARNING * * *
Your quokka barely misses the giant newt.
Your quokka barely misses Ijyb.
You closely miss the giant newt. The giant newt misses you.
Your quokka bites Ijyb.
You hit the giant newt. You burn the giant newt.
You kill the giant newt!
Your quokka bites Ijyb.
You closely miss Ijyb.
Ijyb is heavily wounded.
Ijyb hits you with a runed club!
You die...

#.# .#### #.###....#
#<.......#
#....#############
#.................
######...#########...#
.##........#########...#
#>.......................
.##.###@############...#
#g# #...# +....(r........
...... ##.....######.
..###### #...... .
(.(.$..# ## ###....#
######


You could see Ijyb and a friendly quokka.

Vanquished Creatures
  2 giant geckos
  A ball python (D:2)
  2 bats (D:2)
  3 giant cockroaches
  5 hobgoblins (D:1)
  2 jackals (D:1)
  4 kobolds
  6 giant newts
  A goblin (D:1)
  3 rats (D:1)
29 creatures vanquished.

Vanquished Creatures (collateral kills)
  A jackal (D:1)
  A kobold (D:1)
2 creatures vanquished.

Vanquished Creatures (others)
  A rat (D:2)
1 creature vanquished.

Grand Total: 32 creatures vanquished

Notes
Turn   | Place    | Note
--------------------------------------------------------------
     0 | D:1      | grisnicke, the Draconian Summoner, began the quest for the Orb.
     0 | D:1      | Reached XP level 1. HP: 14/14 MP: 3/3
   505 | D:1      | Reached XP level 2. HP: 11/20 MP: 4/4
  1243 | D:2      | Reached XP level 3. HP: 24/26 MP: 6/6
  1248 | D:2      | Learned a level 3 spell: Call Canine Familiar
  1348 | D:2      | Noticed Ijyb
  1364 | D:2      | Slain by Ijyb

Action                   || total
-------------------------++-------
Melee: Spear             ||    75
 Fire: Hunting sling     ||    12
Throw: Stone             ||    13
 Cast: Summon Small Mamm ||     6
 Stab: Sleeping          ||     4
  Eat: Chunk             ||     1
